 Dungeon Crawl Stone Soup version 0.27.1 (webtiles) character file.

Game seed: 1981983083844555374

21 speeev33 the Skirmisher (level 2, 0/25 (27) HPs)
             Began as a Hill Orc Fighter on Sept 4, 2021.
             Slain by a worm (7 damage)
             ... on level 2 of the Dungeon.
             The game lasted 00:01:30 (1267 turns).

speeev33 the Skirmisher (Hill Orc Fighter)          Turns: 1267, Time: 00:01:30

HP:   0/25 (27)     AC:  6    Str: 18    XL:     2   Next: 87%
MP:   2/2           EV:  7    Int:  8    God:
Gold: 69            SH: 10    Dex: 10    Spells: 1/1 levels left

rFire    . . .     SeeInvis .   a - +0 war axe
rCold    . . .     Faith    .   c - +1 kite shield
rNeg     . . .     Spirit   .   b - +0 scale mail
rPois    .         Reflect  .   (no helmet)
rElec    .         Harm     .   (no cloak)
rCorr    .         Rampage  .   (no gloves)
Will     .....                  (no boots)
Stlth    ..........             (no amulet)
HPRegen  0.08/turn              (no ring)
MPRegen  0.08/turn              (no ring)

@: drained
A: no striking features
a: no special abilities


You were on level 2 of the Dungeon.
You visited 1 branch of the dungeon, and saw 2 of its levels.

You collected 69 gold pieces.

Inventory:

Hand Weapons
 a - a +0 war axe (weapon)
Armour
 b - a +0 scale mail (worn)
 c - a +1 kite shield (worn)
Scrolls
 f - a scroll of identify
Potions
 d - a potion of might
 e - 2 potions of haste


   Skills:
 + Level 4.1 Fighting
 + Level 3.3 Axes
 - Level 3.2 Armour
 + Level 3.6 Shields


You had one spell level left.
You didn't know any spells.
Your spell library was empty.

Dungeon Overview and Level Annotations

Branches:
Dungeon (2/15)

Altars:

Shops:
D:1 =


Message History

g - a scroll labelled TONWERRALOI
As you read the scroll labelled TONWERRALOI, it crumbles to dust.
You feel strangely unstable.
It was a scroll of teleportation.
Your surroundings suddenly seem different.
Found 7 gold pieces and a chain mail.
You now have 58 gold pieces (gained 7).
Found 11 gold pieces.
You see here a +0 chain mail.
You now have 69 gold pieces (gained 11).
A worm comes into view.
You barely miss the worm. The worm bites you.
You completely miss the worm. The worm barely misses you.
You slash the worm!
The worm is moderately wounded.
The worm barely misses you.
You hit the worm but do no damage.
The worm is moderately wounded.
The worm completely misses you.
You hit the worm.
The worm is moderately wounded.
You hit the worm.
The worm is heavily wounded.
The worm bites you!
You barely miss the worm.
The worm is heavily wounded.
The worm bites you but does no damage.
You hit the worm.
The worm is severely wounded.
The worm bites you.
You barely miss the worm.
The worm is heavily wounded.
The worm bites you!
* * * LOW HITPOINT WARNING * * *
You barely miss the worm.
The worm is heavily wounded.
The worm bites you but does no damage.
You hit the worm but do no damage.
The worm is heavily wounded.
The worm bites you!
You die...

######.##.##.............#
# ####.##..###(######.# #
#...#...).........# #
#.........#######.########
#...####.## #.........
##### #.##### #.########
#.#...# #.# #.#...####.#
#.@w....##.# #.......##.#
#.......##.# ###...####.#
...# #.# #.## ### .# #..
.. #.#


You could see a worm.

Vanquished Creatures
  2 endoplasms (D:1)
  3 giant cockroaches (D:1)
  2 goblins
  2 hobgoblins
  A quokka (D:1)
  A ball python (D:1)
  3 bats
  A frilled lizard (D:2)
  3 kobolds
  2 rats (D:1)
20 creatures vanquished.

Notes
Turn   | Place    | Note
-------+----------+-------------------------------------------
     0 | D:1      | speeev33 the Hill Orc Fighter began the quest for the Orb.
     0 | D:1      | Reached XP level 1. HP: 19/19 MP: 1/1
   240 | D:1      | Reached XP level 2. HP: 27/27 MP: 2/2
   609 | D:1      | Found Jyucaj's Jewellery Shop.
   614 | D:1      | Reached skill level 4 in Fighting
  1267 | D:2      | Slain by a worm

Illustrated notes

Levels and vault maps discovered:
D:1:      scummos_arrival_gate, layout_basic, serial_shops, shop_statue,
          chequers_serial_rivers_small_3, dk_noncrumbling_2
D:2:      layout_loops_ring, chequers_ecumenical_altar_island

Skill      XL: |  1  2 |
---------------+-------+-----
Axes           | 3 |  3.3
Fighting       | 4 |  4.1
Armour         | |  3.2
Shields        | |  3.6

Action                   || total
-------------------------++-------
Melee: War axe           ||    82
  Use: Scroll            ||     6
Armor: Scale mail        ||    54
Dodge: Dodged            ||    22
Block: Kite shield       ||    45
